 Dungeon Sprint DCSS version 0.31-a0-1606-g60c5cc7444 (webtiles) character file.

Game seed: 11008673242735865212

448 James the Covert (level 6, -1/38 HPs)
             Began as a Spriggan Artificer on Jan 8, 2024.
             Was an Initiate of Uskayaw.
             Shot with an arrow by a centaur warrior (12 damage)
             ... in the Dungeon (Sprint I: "Red Sonja").
             The game lasted 00:03:02 (271 turns).

James the Covert (Spriggan Artificer)                Turns: 271, Time: 00:03:02

Health: -1/38      AC:  2    Str:  8    XL:     6   Next: 73%
Magic:  7/7        EV: 25    Int: 13    God:    Uskayaw [......]
Gold:   297        SH:  0    Dex: 17    Spells: 5/5 levels left

rFire   . . .        a - +0 club
rCold   . . .        (no shield)
rNeg    . . .        b - +0 robe
rPois   .            (helmet restricted)
rElec   .            (no cloak)
rCorr   .            (gloves unavailable)
SInv    +            (boots unavailable)
Will    +....        (no amulet)
Stlth   +++++        (no ring)
HPRegen 0.26/turn    (no ring)
MPRegen 0.10/turn

%: no teleportation
@: very quick
A: very small, no large weapons, unfitting armour, see invisible, speed 3
a: Renounce Religion


You were in the Dungeon.
You worshipped Uskayaw.
Uskayaw was noncommittal.
You visited 1 branch You collected 297 gold pieces.

Inventory:

Hand Weapons
 a - a +0 club (weapon)
Armour
 b - a +0 robe (worn)
 l - a +0 robe
   (You took it off Sigmund in the Dungeon)
Wands
 c - a wand of polymorph (7)
   (You took it off Ijyb in the Dungeon)
 e - a wand of charming (23)
Scrolls
 k - a scroll of blinking
 n - a scroll of identify {unknown}
Potions
 f - a potion of curing {@q1}
 g - a potion of heal wounds {@q2}
 h - a potion of haste {@q3}
 i - 2 potions of magic
 j - a potion of berserk rage
 m - a potion of mutation {unknown}


   Skills:
 + Level 7.1 Fighting
 + Level 11.3 Dodging
 + Level 12.9 Stealth
 - Level 4.0 Evocations


You had 5 spell levels left.
You didn't know any spells.
Your spell library was empty.

Dungeon Overview and Level Annotations

Branches:
Dungeon (1/1)

Altars:
Cheibriados
Dithmenos
Elyvilon
Fedhas
Gozag
Hepliaklqana
Kikubaaqudgha
Nemelex Xobeh
Okawaru
Qazlal
Ru
Sif Muna
Trog
Uskayaw
Vehumet
Wu Jian
Yredelemnul
Zin
The Shining One

Shops:
D =

Annotations:
D Sonja


Innate Abilities, Weirdness & Mutations

You are very small and have problems with some larger weapons.
You are too small for most types of armour.
You have supernaturally acute eyesight. (SInv)
You cover ground extremely quickly. (Speed+++)


Message History

There is an ornate altar of the Wu Jian Council here.
Found an opulent altar of Gozag.
There is an open door here.
Found a sparkling altar of Nemelex Xobeh.
There is a hide-covered altar of Uskayaw here.
There is an entrance to Soafax's Jewellery Emporium here.
There is a hide-covered altar of Uskayaw here.
You kneel at the altar of Uskayaw.
Uskayaw welcomes you!
There is an entrance to Soafax's Jewellery Emporium here.
You have 297 gold pieces.
There is a hazy altar of Hepliaklqana here.
There is an open door here.
There is a shimmering blue altar of Sif Muna here.
There is an open door here.
There is a shimmering blue altar of Sif Muna here.
You open the door.
Found a wand of charming (8).
There is an open door here.
e - a wand of charming (23) (gained 8 charges)
There is an open door here.
You open the door.
Sonja, the Graceful Assassin comes into view.
She is wielding a +0 dagger of venom, quivering curare-tipped darts and carrying a wand of charming.
Found 108 gold pieces.
Press: ? - help, Shift-Dir - straight line, f - Sonja
Aim: Sonja, wielding a +0 dagger of venom, quivering curare-tipped darts and carrying a wand of charming (asleep, will become a brain worm, a black bear, or a crocodile, chance to affect: 67%)
Okay, then.
Unknown command.
You close the door.
Search for what [? for help]? .
Unknown command.
You open the door. 2 centaur warriors come into view.
The centaur warrior moves out of view. x2
Found 29 gold pieces.
There is an open door here.
You enter the shallow water.
Moving in this stuff is going to be slow.
You open the door.
Found 8 gold pieces, a book of Blood and 6 stones.
Found a scroll labelled SOATSI TUGG.
The centaur warrior shouts!
The centaur warrior wields a +0 shortbow.
The centaur warrior shoots an arrow.
The arrow hits you.
The centaur warrior wields a +0 shortbow.
The centaur warrior shoots an arrow.
The arrow hits you!!
Ouch! That really hurt!
* * * LOW HITPOINT WARNING * * *
The centaur warrior shoots an arrow.
The arrow hits you!
You die...

###############
<.#.)†))#..'..#
..'..#..'..#..+
..#####'#####'# ##
..####..#...#.####§$#
..#__####..##.#~§§§c#
..#_____##'#_.§§§§.§+
⌠⌠#_.∩...'..._#§§§.c#
###_..__##_.#'##@####
#_____###+#.#?$:(#
####### #.####+###
$.$


$K$ ##.## #+# You could see 2 centaur warriors.

Vanquished Creatures
  Sigmund (D)
  A yak (D)
  An ogre (D)
  A jelly (D)
  Ijyb (D)
5 creatures vanquished.

Notes
Turn   | Place    | Note
-------+----------+-------------------------------------------
     0 | D        | James the Spriggan Artificer began the quest for the Orb.
     0 | D        | Reached XP level 1. HP: 9/9 MP: 2/2
     1 | D        | Noticed Ijyb
     3 | D        | Killed Ijyb
     4 | D        | Reached skill level 5 in Dodging
     4 | D        | Reached skill level 5 in Stealth
     4 | D        | Reached XP level 2. HP: 16/16 MP: 3/3
     8 | D        | Noticed an ogre
    10 | D        | Killed an ogre
    11 | D        | Reached skill level 8 in Stealth
    11 | D        | Reached XP level 3. HP: 21/21 MP: 4/4
    11 | D        | Reached XP level 4. HP: 26/26 MP: 5/5
    22 | D        | Noticed Sigmund
    34 | D        | Killed Sigmund
    35 | D        | Reached skill level 11 in Stealth
    35 | D        | Reached XP level 5. HP: 24/32 MP: 6/6
    35 | D        | Reached XP level 6. HP: 27/36 MP: 7/7
    84 | D        | Found an ornate altar of the Wu Jian Council.
    84 | D        | Found a shimmering blue altar of Sif Muna.
    89 | D        | Reached skill level 10 in Dodging
    89 | D        | Found a radiant altar of Vehumet.
   111 | D        | Found Soafax's Jewellery Emporium.
   111 | D        | Found an ancient bone altar of Kikubaaqudgha.
   111 | D        | Found a hazy altar of Hepliaklqana.
   111 | D        | Found a stormy altar of Qazlal.
   111 | D        | Found a hide-covered altar of Uskayaw.
   111 | D        | Found a blossoming altar of Fedhas.
   111 | D        | Found a bloodstained altar of Trog.
   111 | D        | Found an iron altar of Okawaru.
   111 | D        | Found a basalt altar of Yredelemnul.
   111 | D        | Found a glowing golden altar of the Shining One.
   111 | D        | Found a snail-covered altar of Cheibriados.
   111 | D        | Found a sacrificial altar of Ru.
   111 | D        | Found a glowing silver altar of Zin.
   111 | D        | Found a shadowy altar of Dithmenos.
   111 | D        | Found a white marble altar of Elyvilon.
   111 | D        | Noticed a yak
   134 | D        | Killed a yak
   135 | D        | Reached skill level 12 in Stealth
   232 | D        | Found an opulent altar of Gozag.
   233 | D        | Found a sparkling altar of Nemelex Xobeh.
   238 | D        | Became a worshipper of Uskayaw the Reveller
   263 | D        | Noticed Sonja
   267 | D        | Noticed a centaur warrior
   267 | D        | Noticed a centaur warrior
   271 | D        | Shot with an arrow by a centaur warrior

Illustrated notes

Levels and vault maps discovered:
D:        dungeon_sprint_1 [red_sonja_temple_1, red_sonja_temple_small_1]

Skill      XL: |  1  2  3  4  5  6 |
---------------+-------------------+-----
Fighting       | 2 4 6 7 |  7.1
Dodging        | 5 7 9 11 | 11.3
Stealth        | 5 8 11 12 | 12.9
Evocations     | |  4.0

Action                     |  1- 3 |  4- 6 || total
---------------------------+-------+-------++-------
  Melee: Club              |       |     3 ||     3
  Evoke: Wand              |     4 |    16 ||    20
 Armour: Robe              |       |     6 ||     6
  Dodge: Dodged            |       |     6 ||     6

Table legend: (Time is in decaauts)
 A = Elapsed time spent in this place.
 B = Non-inter-level travel time spent in this place.
 C = Inter-level travel time spent in this place.
 D = Time resting spent in this place.
 E = Time spent auto-exploring this place.
 F = Levels seen in this place.
 G = Mean time per level.
                   A        B        C        D        E       F      G
               +--------+--------+--------+--------+--------+-----+--------+
         Total |    229 |    229 |      0 |    113 |      0 |   1 |  229.0 |
       Dungeon |    229 |    229 |      0 |    113 |      0 |   1 |  229.0 |
               +--------+--------+--------+--------+--------+-----+--------+

Top non-repeatable levels by time:
       D: 229 daAuts
